 Dungeon Crawl Stone Soup version 0.17.1-3-g152610e (webtiles) character file.

6904 barb4r1an the Fighter (level 10, 0/94 HPs)
             Began as a Minotaur Berserker on Apr 5, 2016.
             Was a High Priest of Trog.
             Slain by an orc warrior
             ... wielding a +0 battleaxe
              (11 damage)
             ... on level 11 of the Dungeon.
             The game lasted 01:01:32 (9315 turns).

barb4r1an the Fighter (Minotaur Berserker)          Turns: 9315, Time: 01:01:32

Health: 0/94       AC: 16    Str: 25    XL:     10   Next: 79%
Magic:  9/9        EV: 19    Int:  4    God:    Trog [*****.]
Gold:   274        SH:  0    Dex: 15    Spells: 0 memorised, 9 levels left

rFire  + . .     SeeInvis +     B - +2 falchion (flame)
rCold  . . .     Clarity  .     G - +0 chain mail
rNeg   . . .     SustAt   .     (no shield)
rPois  .         Gourm    .     (helmet restricted)
rElec  .         Spirit   .     O - +2 cloak
rCorr  .         Warding  .     w - +0 pair of gloves
rMut   .         Stasis   .     (no boots)
MR     .....                    A - amulet of regeneration
Stlth  ..........               g - ring of see invisible
                                b - ring of protection from fire

@: agile, not resistant to hostile enchantments, extremely unstealthy
A: retaliatory headbutt, horns 2
a: Berserk, Trog's Hand, Brothers in Arms, Burn Spellbooks, Renounce Religion


You were on level 11 of the Dungeon.
You worshipped Trog.
Trog was extremely pleased with you.
You were not hungry.

You visited 1 branch of the dungeon, and saw 11 of its levels.
You also visited: Ossuary.

You collected 409 gold pieces.
You spent 135 gold pieces at shops.

Inventory:

Hand Weapons
 k - a +1 short sword of draining
 n - a +0 falchion of holy wrath
 u - a +4 whip of electrocution
 B - a +2 falchion of flaming (weapon)
 D - a +2 mace of holy wrath
 N - a +5 dire flail of venom
Armour
 w - a +0 pair of gloves (worn)
 G - a +0 chain mail (worn)
 O - a +2 cloak (worn)
Jewellery
 b - a ring of protection from fire (left hand)
 g - a ring of see invisible (right hand)
 A - an amulet of regeneration (around neck)
Wands
 v - a wand of magic darts (31)
 H - a wand of lightning (6)
Scrolls
 i - a scroll of fog
 j - 5 scrolls of remove curse
 m - 2 scrolls of immolation
 q - a scroll of recharging
 t - 2 scrolls of enchant armour
 y - 2 scrolls of fear
 C - 2 scrolls of magic mapping
 E - 2 scrolls of enchant weapon
 F - 2 scrolls of identify
 J - a scroll of torment {unknown}
 P - a scroll of random uselessness {unknown}
Potions
 a - a potion of mutation
 l - a potion of agility
 o - a potion of magic
 r - 3 potions of flight
 x - a potion of brilliance
 K - a potion of berserk rage {unknown}
 M - a potion of haste {unknown}
Miscellaneous
 c - a plain deck of summoning
Comestibles
 f - 3 meat rations
 h - 6 bread rations
 s - 8 beef jerkies
 z - a slice of pizza


   Skills:
 * Level 10.5 Fighting
 * Level 10.5 Maces & Flails
 * Level 10.2 Armour
 * Level 9.3 Dodging


You had 9 spell levels left.
You didn't know any spells.

Dungeon Overview and Level Annotations

Branches:
Dungeon (11/15)            Temple (0/1) D:7            Lair (0/8) D:11
    Orc (0/4) D:10

Altars:
Cheibriados
Dithmenos
Makhleb
Okawaru
Qazlal
Vehumet
Zin

Shops:
D:6 [:((   D:7 (

Annotations:
D:5 exclusion: statue


Innate Abilities, Weirdness & Mutations

You reflexively headbutt those who attack you in melee.
You have a pair of horns on your head.


Message History

The seven-headed hydra completely misses you.
The seven-headed hydra closely misses you.
The seven-headed hydra bites you!
* * * LOW HITPOINT WARNING * * *
The seven-headed hydra misses you.
The seven-headed hydra bites you but does no damage. x2
You see here 22 gold pieces. 2 orcs and an orc warrior come into view.
The orc warrior shouts!
Found a scroll labeled WEUMUF POUSH.
You slash the orc warrior! You burn the orc warrior.
Your headbutt misses the orc warrior.
The orc warrior is heavily wounded.
The seven-headed hydra bites you but does no damage.
The seven-headed hydra barely misses you.
The seven-headed hydra bites you but does no damage. x2
The seven-headed hydra closely misses you. x2
The seven-headed hydra bites you but does no damage.
The orc warrior hits you with a battleaxe!
You die... # #####. .. #. #. #. .. ###. .# #... ..# #... ###.# ##... #ooo#

####....
####@#########..$.###
#....D.........####
################


You could see a seven-headed hydra, an orc warrior and 2 orcs.

Vanquished Creatures
  2 centaur skeletons (D:11)
  2 gargoyles
  A fire drake (D:11)
  Grinder (D:6)
  A deep elf mage (D:11)
  A wyvern (D:9)
  A two-headed ogre (D:9)
  Sigmund (D:4)
  3 hippogriffs
  A hungry ghost (D:11)
  A water moccasin (D:9)
  An orc warrior (D:10)
  2 ice beasts
  A black bear (D:8)
  2 sky beasts
  7 ogres
  3 centaurs
  The ghost of kraktruk the Magician, an amateur DsCj (D:3)
  A big kobold (D:11)
  6 giant frogs
  A gnoll sergeant (D:9)
  6 killer bees (D:8)
  3 scorpions
  5 wights (D:6)
  4 crimson imps
  A wasp zombie (D:10)
  A giant frog zombie (D:11)
  A centaur zombie (D:5)
  5 jellies
  7 orc wizards
  A quasit (D:9)
  5 hounds
  A giant frog skeleton (D:4)
  2 orc priests
  2 iguanas
  6 worker ants
  A mummy (D:5)
  A hound zombie (D:11)
  A hound skeleton (D:4)
  Robin (D:3)
  A worker ant zombie (D:6)
  16 adders
  3 gnolls (D:9)
  5 shadow imps
  4 worms
  6 giant geckos
  28 orcs
  A ball python (D:1)
  5 giant cockroaches
  12 goblins
  10 hobgoblins
  9 kobolds
  2 quokkas
  8 bats
  6 giant newts
  A goblin zombie (D:5)
  6 jackals
  A kobold zombie (D:5)
  3 rats
  A plant (D:1)
222 creatures vanquished.

Notes
Turn   | Place    | Note
--------------------------------------------------------------
     0 | D:1      | barb4r1an the Minotaur Berserker began the quest for the Orb.
     0 | D:1      | Reached XP level 1. HP: 19/19 MP: 0/0
   311 | D:1      | Reached XP level 2. HP: 22/27 MP: 1/1
   403 | D:1      | Reached skill level 4 in Maces & Flails
   773 | D:2      | Reached ** piety under Trog
   787 | D:2      | Reached XP level 3. HP: 6/33 MP: 2/2
  1332 | D:2      | Found a stormy altar of Qazlal.
  1332 | D:2      | Found a glowing silver altar of Zin.
  1450 | D:2      | Reached XP level 4. HP: 41/41 MP: 3/3
  1818 | D:3      | Noticed Robin
  1882 | D:3      | Killed Robin
  1888 | D:3      | Reached *** piety under Trog
  2032 | D:3      | Reached XP level 5. HP: 34/47 MP: 4/4
  2595 | D:3      | Noticed kraktruk's ghost (amateur DsCj)
  2609 | D:3      | Killed kraktruk's ghost
  2609 | D:3      | Reached skill level 5 in Fighting
  2609 | D:3      | Reached skill level 5 in Maces & Flails
  2906 | D:4      | Found a shadowy altar of Dithmenos.
  2941 | D:4      | Reached XP level 6. HP: 56/56 MP: 5/5
  2974 | D:4      | Noticed Sigmund
  3001 | D:4      | Killed Sigmund
  3017 | D:4      | Reached skill level 5 in Armour
  3161 | D:4      | Reached XP level 7. HP: 51/62 MP: 6/6
  3713 | D:4      | Reached skill level 6 in Fighting
  3753 | D:5      | Entered Level 5 of the Dungeon
  3785 | D:5      | Found a burning altar of Makhleb.
  3877 | D:5      | Found a sand-covered staircase.
  3881 | D:5      | Reached **** piety under Trog
  3902 | Ossuary  | Entered an ossuary
  4091 | D:5      | Reached skill level 5 in Dodging
  4092 | D:5      | Found a radiant altar of Vehumet.
  4393 | D:5      | Reached XP level 8. HP: 37/71 MP: 7/7
  4669 | D:6      | Reached skill level 7 in Maces & Flails
  4714 | D:6      | Found Didotah's Antique Weapon Emporium.
  4722 | D:6      | Bought a runed falchion for 72 gold pieces
  4748 | D:6      | Found Aniaca's Book Shop.
  4779 | D:6      | Noticed Grinder
  4782 | D:6      | Paralysed by Grinder for 2 turns
  4798 | D:6      | Paralysed by Grinder for 7 turns
  4807 | D:6      | Paralysed by Grinder for 7 turns
  4816 | D:6      | Killed Grinder
  4987 | D:6      | Found Pimiluev's Antique Weapon Shop.
  5001 | D:6      | Bought a glowing mace for 63 gold pieces
  5103 | D:6      | Reached skill level 8 in Fighting
  5103 | D:6      | Reached XP level 9. HP: 81/81 MP: 8/8
  5315 | D:6      | Found Viqawneh's Armour Emporium.
  5356 | D:7      | Found a burning altar of Makhleb.
  5538 | D:7      | Found Nehelaf's Weapon Shop.
  5831 | D:7      | Found a staircase to the Ecumenical Temple.
  6219 | D:8      | Found a burning altar of Makhleb.
  6222 | D:8      | Found an iron altar of Okawaru.
  6224 | D:8      | Found a snail-covered altar of Cheibriados.
  6805 | D:9      | Reached skill level 9 in Maces & Flails
  7346 | D:9      | Reached ***** piety under Trog
  7498 | D:9      | Reached XP level 10. HP: 61/91 MP: 9/9
  7903 | D:10     | Entered Level 10 of the Dungeon
  8041 | D:10     | Found a stormy altar of Qazlal.
  8282 | D:10     | Found a staircase to the Orcish Mines.
  8501 | D:10     | Received a gift from Trog
  9020 | D:11     | Reached skill level 10 in Fighting
  9020 | D:11     | Reached skill level 10 in Maces & Flails
  9080 | D:11     | Found a staircase to the Lair.
  9121 | D:11     | Reached skill level 10 in Armour
  9277 | D:11     | Noticed an eight-headed hydra
  9289 | D:11     | HP: 4/94 [seven-headed hydra (5)]
  9300 | D:11     | HP: 1/94 [seven-headed hydra (10)]
  9315 | D:11     | Slain by an orc warrior

Action                   |  1- 3 |  4- 6 |  7- 9 | 10-12 || total
-------------------------+-------+-------+-------+-------++-------
Melee: Mace              |    52 |       |   171 |    77 ||   300
       Short sword       |    48 |    76 |       |       ||   124
       Whip              |       |    58 |    82 |       ||   140
       Falchion          |       |       |    41 |     3 ||    44
       Dire flail        |       |       |       |    73 ||    73
Invok: Burn Spellbooks   |       |     1 |     3 |     1 ||     5
       Trog's Hand       |       |     1 |     1 |       ||     2
  Use: Scroll            |     5 |     7 |     7 |       ||    19
       Potion            |     3 |       |     1 |     2 ||     6
 Stab: Sleeping          |       |     2 |     6 |       ||     8
       Distracted        |       |       |     1 |       ||     1
  Eat: Bread ration      |       |     2 |     1 |     1 ||     4
       Meat ration       |       |       |     2 |     1 ||     3
       Chunk             |       |       |     2 |       ||     2
